AoeStats
← The Crusader

Arabia

509657039Analyzed
1v1 RM · 5d ago on Sep 27, 2026· 52m 5s· 2 players
Game mode
Random Map
Map size
Tiny (2 player)
Population
200
Speed
Normal
Resources
Standard
Victory
Conquest
Starting age
Dark Age
Ending age
Imperial Age
RankedLock teamsTeams togetherTeam positionsShared explorationLock speedFull tech treeHidden civsTurbo modeCheats
Victory
Defeat
🇺🇸 Malians · United States
1717
+21
🇩🇪 Vietnamese · Germany
1825
-21
OIDA | Tasty
5:49 Loom
8:30 Feudal Age
9:08 Double-Bit Axe
12:55 Fletching
16:53 Wheelbarrow
21:16 Castle Age
19:13 Horse Collar
21:19 Elite Skirmisher
22:00 Bodkin Arrow
22:48 Bow Saw
22:38 Heavy Plow
23:38 Scale Barding Armor
26:47 Bloodlines
27:59 Husbandry
34:55 Hand Cart
36:26 Town Watch
47:24 Masonry
53:25 Imperial Age
51:06 Scale Mail Armor
51:08 Padded Archer Armor
51:43 Ballistics
52:28 Leather Archer Armor
The Crusader
5:58 Loom
8:45 Feudal Age
8:53 Man-at-Arms
13:06 Fletching
14:16 Double-Bit Axe
15:45 Town Watch
22:39 Castle Age
21:16 Padded Archer Armor
21:21 Scale Mail Armor
21:17 Horse Collar
22:25 Forging
23:34 Chain Mail Armor
22:43 Long Swordsman
24:00 Squires
25:07 Arson
33:15 Elite Skirmisher
33:51 Bodkin Arrow
37:50 Wheelbarrow
40:16 Padded Archer Armor
46:36 Imperial Age
44:51 Ballistics
46:17 Bow Saw
46:08 Heavy Plow
50:03 Two-Handed Swordsman
52:20 Plate Mail Armor
51:59 Champion
Connection lost

Rejoining the realm…

Still unreachable

The connection could not be restored.

Session expired

The server has moved on; the page needs a fresh start.